 Dungeon Crawl Stone Soup version 0.21-a0-414-gba8bdf1 (webtiles) character file.

119 karf the Sneak (level 5, -3/34 HPs)
             Began as a Halfling Assassin on Nov 2, 2017.
             Was an Initiate of Dithmenos.
             Killed by divine providence
             ... invoked by an orc priest
              (13 damage)
             ... on level 4 of the Dungeon.
             The game lasted 00:06:19 (2639 turns).

karf the Sneak (Halfling Assassin)                  Turns: 2639, Time: 00:06:19

Health: -3/34      AC:  3    Str: 12    XL:     5   Next: 23%
Magic:  5/5        EV: 16    Int:  9    God:    Dithmenos [......]
Gold:   125        SH:  0    Dex: 17    Spells: 4/4 levels left

rFire    . . .     SeeInvis +   a - +2 dagger
rCold    . . .     Gourm    .   (shield restricted)
rNeg     . . .     Faith    +   c - +0 robe
rPois    .         Spirit   .   (no helmet)
rElec    .         Reflect  .   d - +0 cloak
rCorr    .         Harm     .   (no gloves)
MR       .....                  (no boots)
Stlth    +++.......             w - amulet of faith
HPRegen  0.11/turn              i - ring of see invisible
MPRegen  0.09/turn              k - ring of wizardry

@: no status effects
A: mutation resistance 1
a: Renounce Religion


You were on level 4 of the Dungeon.
You worshipped Dithmenos.
Dithmenos was noncommittal.
You were very hungry.

You visited 2 branches of the dungeon, and saw 5 of its levels.

You collected 125 gold pieces.

Inventory:

Hand Weapons
 a - a +2 dagger (weapon)
 b - a +0 blowgun
Missiles
 e - 8 poisoned needles
 f - 2 curare-tipped needles
Armour
 c - a +0 robe (worn)
 d - a +0 cloak (worn)
Jewellery
 i - a ring of see invisible (left hand)
 k - a ring of wizardry (right hand)
 w - an amulet of faith (around neck)
Scrolls
 h - 2 scrolls of teleportation {unknown}
 m - 2 scrolls of enchant weapon {unknown}
 n - a scroll of immolation {unknown}
 p - a scroll of remove curse {unknown}
 r - 5 scrolls of identify {unknown}
 u - 2 scrolls of recharging {unknown}
Potions
 j - 3 potions of curing {unknown}
 l - 2 potions of resistance {unknown}
 o - a potion of heal wounds {unknown}
 q - a potion of ambrosia {unknown}
 s - a potion of lignification {unknown}
 v - a potion of brilliance {unknown}
Comestibles
 g - 3 bread rations
 t - 2 meat rations


   Skills:
 - Level 1.7 Fighting
 + Level 4.0 Short Blades
 - Level 2.0 Throwing
 + Level 3.0 Dodging
 + Level 5.4 Stealth


You had 4 spell levels left.
You didn't know any spells.

Dungeon Overview and Level Annotations

Branches:
Dungeon (4/15)             Temple (1/1) D:4

Altars:
Ashenzari
Cheibriados
Dithmenos
Okawaru
Sif Muna


Innate Abilities, Weirdness & Mutations

You are small and have problems with some larger weapons.
You are somewhat resistant to further mutation.


Message History

The orc wizard is heavily wounded.
The orc wizard misses you. The orc completely misses you.
You hit the orc wizard.
The orc wizard is severely wounded.
The orc wizard hits you but does no damage.
You hit the orc wizard.
The orc wizard is severely wounded.
The orc hits you with a club.
The orc wizard points at you and mumbles some strange words.
The magic dart hits you!
You hit the orc wizard.
The orc wizard is almost dead.
The orc closely misses you.
You hit the orc wizard but do no damage.
The orc wizard is almost dead.
The orc wizard hits you with a dagger.
* * * LOW HITPOINT WARNING * * *
The orc priest invokes the aid of Beogh against you.
Beogh smites you!
You die...

#.#.[###.#.#
#........#.#
####.###.#.# ########
#o# #.#.# ....(..#
#.# #.#.# ######.#
#.. #o#.# #.#
##.##o#.#############
#.#
#..#o#.............#
#.#
#.#@#.#####.##.##.#
#.# #.o.#.# #.......#
#.# ##..#.# #.......#
#.# #..#.# #.#...#.#
#.# #..#.# #.......#
#.#### ##>#.#
#.......# #....#
###.# #.#...#.#
####.# #.# #.......#
#.########.#
#.......#


You could see an orc priest, an orc wizard and 2 orcs.

Vanquished Creatures
  7 adders
  A worm (D:2)
  4 dart slugs
  A ball python (D:1)
  5 giant cockroaches
  4 goblins
  4 hobgoblins
  2 jackals (D:2)
  3 kobolds (D:2)
  A quokka (D:4)
  8 bats
  2 frilled lizards (D:2)
  3 rats
45 creatures vanquished.

Notes
Turn   | Place    | Note
-------+----------+-------------------------------------------
     0 | D:1      | karf the Halfling Assassin began the quest for the Orb.
     0 | D:1      | Reached XP level 1. HP: 14/14 MP: 1/1
    55 | D:1      | Reached XP level 2. HP: 13/19 MP: 2/2
   809 | D:2      | Reached XP level 3. HP: 18/24 MP: 3/3
  1066 | D:2      | Reached skill level 5 in Stealth
  1431 | D:2      | Reached XP level 4. HP: 26/29 MP: 4/4
  2076 | D:3      | Reached XP level 5. HP: 28/34 MP: 5/5
  2318 | D:4      | Found a staircase to the Ecumenical Temple.
  2335 | Temple   | Entered the Ecumenical Temple
  2341 | Temple   | Became a worshipper of Dithmenos the Shadowed
  2375 | D:4      | Noticed a phantom
  2639 | D:4      | Killed from afar by an orc priest

Vault maps used:
D:1:      lightli_arrival_isolated_outpost
D:2:      first_bread, minmay_misc_feat_doors
D:4:      temple_hall
Temple:   nicolae_temple_the_god_donut

Skill      XL: |  1  2  3  4  5 |
---------------+----------------+-----
Short Blades   | 3 4 |  4.0
Dodging        | 2 3 |  3.0
Stealth        | 5 |  5.4
Fighting       | |  1.7
Throwing       | |  2.0

Action                   |  1- 3 |  4- 6 || total
-------------------------+-------+-------++-------
Melee: Dagger            |    97 |   110 ||   207
 Stab: Sleeping          |     6 |     7 ||    13
  Eat: Chunk             |       |     4 ||     4
Armor: Robe              |    24 |    13 ||    37
Dodge: Dodged            |    71 |    77 ||   148

Table legend:
 A = Spawn XP
 B = Non-spawn XP
 C = Spawn XP percentage of total XP
 D = Spawn monster count
 E = Non-spawn monster count
 F = Spawn count percentage of total count
 G = Total turns spent on level
                    A         B        C        D         E        F      G
               +---------+---------+-------+---------+---------+-------+---------
         Total |       0 |     170 |   0.0 |       0 |      45 |   0.0 |  2639
               +---------+---------+-------+---------+---------+-------+---------
           D:1 |       0 |      22 |   0.0 |       0 |      10 |   0.0 |   616
           D:2 |       0 |      65 |   0.0 |       0 |      21 |   0.0 |  1051
           D:3 |       0 |      53 |   0.0 |       0 |      11 |   0.0 |   488
           D:4 |       0 |      30 |   0.0 |       0 |       3 |   0.0 |   471
               +---------+---------+-------+---------+---------+-------+---------
